 Dungeon Crawl Stone Soup version 0.28-a0-793-g31680bbd8b (webtiles) character file.

Game seed: 9500432756249121133

2202 ytrimaz the Cleaver (level 9, -7/68 HPs)
             Began as a Demonspawn Berserker on Nov 4, 2021.
             Was an Elder of Trog.
             Killed from afar by a gnoll (22 damage)
             ... with a bolt of acid
             ... on level 6 of the Dungeon.
             The game lasted 00:12:59 (7481 turns).

ytrimaz the Cleaver (Demonspawn Berserker)          Turns: 7481, Time: 00:13:01

Health: -7/68      AC:  8    Str: 21    XL:     9   Next: 12%
Magic:  0/9        EV:  7    Int:  9    God:    Trog [****..]
Gold:   166        SH:  0    Dex: 12    Spells: 8/8 levels left

rFire   . . .      SeeInvis .   a - +0 hand axe (vorpal)
rCold   . . .      Faith    .   (no shield)
rNeg    . . .      Spirit   +   e - +0 plate armour
rPois   .          Reflect  .   (helmet restricted)
rElec   .          Harm     .   (no cloak)
rCorr   .          Rampage  .   i - +0 pair of gloves
Will    +....                   (no boots)
Stlth   ..........              (no amulet)
HPRegen 0.21/turn               l - ring of willpower
MPRegen 0.22/turn               (no ring)

@: lethally poisoned (-7 -> -18), corroded, studying Axes
A: antennae 1, slimy green scales 1, magic shield, magic regeneration
a: Renounce Religion, Berserk, Trog's Hand, Brothers in Arms


You were on level 6 of the Dungeon.
You worshipped Trog.
Trog was greatly pleased with you.
You visited 2 branches of the dungeon, and saw 8 of its levels.
You also visited: Ossuary.

You collected 222 gold pieces.
You spent 56 gold pieces at shops.

Inventory:

Hand Weapons
 a - a +0 vorpal hand axe (weapon)
 j - a +0 war axe
Armour
 e - a +0 plate armour (worn)
 i - a +0 pair of gloves (worn)
 q - a +0 buckler
Jewellery
 k - an amulet of faith
 l - a ring of willpower (left hand)
Wands
 s - a wand of polymorph (3)
 u - a wand of acid (9)
Scrolls
 c - 3 scrolls of fog
 d - 4 scrolls of enchant armour
 o - 3 scrolls of teleportation
Potions
 b - a potion of degeneration {unknown}
 f - 2 potions of curing
 g - a potion of might
 h - 3 potions of heal wounds {unknown}
 m - a potion of haste
 n - 2 potions of magic {unknown}
 p - a potion of flight {unknown}
 r - 2 potions of cancellation {unknown}
 t - a potion of mutation {unknown}


   Skills:
 + Level 5.5 Fighting
 + Level 9.6 Axes
 * Level 7.0 Armour
 - Level 2.7 Dodging
 * Level 2.5 Shields


You had 8 spell levels left.
You didn't know any spells.
Your spell library was empty.

Dungeon Overview and Level Annotations

Branches:
Dungeon (7/15)             Temple (1/1) D:5         Ossuary (visited)

Altars:
Ashenzari
Cheibriados
Dithmenos
Gozag
Kikubaaqudgha
Nemelex Xobeh
Okawaru
Ru
Sif Muna
Trog
Uskayaw
Vehumet
Xom
Zin
The Shining One

Shops:
D:3 =   D:5 ?

Annotations:
D:6 1 transporter, jejorda2's ghost, novice DsFi


Innate Abilities, Weirdness & Mutations

You have a pair of small antennae on your head.
You are partially covered in slimy green scales. (AC +2)
When hurt, damage is shared between your health and your magic reserves.
You regenerate magic rapidly.


Message History

You enter the shallow water.
Moving in this stuff is going to be slow.
The gnoll sergeant shouts!
You hear a shout!
There is a transporter landing site here.
You feel yourself speed up.
You can't go down here!
You enter the shallow water.
Moving in this stuff is going to be slow.
Jejorda2's ghost turns its malevolent gaze towards you.
You hear a shout! x2
You see here a +0 war axe.
The gnoll shouts!
Your extra speed is starting to run out.
There is a transporter here.
Okay, then.
You enter the transporter and appear at another place.
The gnoll shouts!
The gnoll shaman shouts!
You hear a shout!
The gnoll throws a throwing net.
The throwing net hits you.
You become entangled in the net!
You see here a throwing net.
You struggle against the net.
The gnoll zaps a wand.
The bolt of acid hits you!! The acid corrodes you!
The bolt of acid hits the gnoll!!
The acid corrodes the gnoll!
The gnoll dies!
Unknown command.
You tear a large gash into the net.
You feel yourself slow down.
Unknown command.
You rip the net and break free!
The gnoll zaps a wand.
The bolt of acid hits you!!
* * * LOW HITPOINT WARNING * * *
The acid corrodes you!
Unknown command.
Unknown command.
You feel better.
The gnoll sergeant hits you from afar with the +6 spear "Gyufyej" {venom, *Slow rElec SInv}.
* * * LOW HITPOINT WARNING * * *
You are poisoned.
The gnoll zaps a wand.
The bolt of acid hits you!!
You die...

#.......≈≈##.###g###.##≈≈..#....
#...)...≈≈#..g........#≈≈.....##
#.......≈≈###.##'##.###≈≈.##..#
#.......≈≈..#.#...#g#..≈≈.##..#
#.......≈≈.##. ⌠.⌠#.##.≈≈.##..##
#.......≈≈.#g. ...#..#.≈≈.......
######..≈≈.##.##g##.##.≈≈.##..##
#......#.#g..#.#..≈≈.##....
#.....©#.g@©g')#©.≈≈.##.###
#......#g#8⌠8#.#..≈≈.##.###
#..≈≈.##.#####.##.≈≈.......
#..≈≈.#..# #.g#.≈≈..#.##.
#..≈≈.##.# #.##.≈≈....##.
#..≈≈..#.#. g#.#..≈≈....##.
##.≈≈###.##'##.###≈≈....##.
#.≈≈#.........W.#≈≈....##.
#.≈≈##.###.###g##≈≈...>...


You could see a gnoll sergeant, a gnoll shaman and 3 gnolls.

Vanquished Creatures
  3 water moccasins (D:6)
  2 ice beasts (D:6)
  2 necrophages
  3 phantoms (D:6)
  A bullfrog (D:6)
  4 scorpions
  4 killer bees (D:6)
  4 wights (D:6)
  2 centaur zombies (Ossuary)
  A bullfrog zombie (D:5)
  A hound (D:4)
  A jelly (D:6)
  A bullfrog skeleton (D:5)
  A centaur skeleton (D:4)
  A gnoll shaman (D:5)
  2 iguanas (D:5)
  3 orc wizards (D:5)
  2 mummies (Ossuary)
  Robin (D:2)
  4 gnolls (D:5)
  8 adders
  A white imp (D:6)
  An ufetubus (D:6)
  4 adder zombies (Ossuary)
  A worm (D:3)
  A dart slug (D:1)
  18 orcs
  6 bats
  8 endoplasms
  2 giant cockroaches (D:1)
  14 goblins
  7 hobgoblins
  6 jackals (D:1)
  4 kobolds
  6 quokkas
  7 ball pythons
  3 frilled lizards
  A goblin zombie (Ossuary)
  6 hobgoblin zombies (Ossuary)
  6 kobold zombies (Ossuary)
  14 orc zombies (Ossuary)
  A quokka zombie (D:4)
  7 rats
  4 rat zombies
179 creatures vanquished.

Vanquished Creatures (others)
  A gnoll (D:6)
  6 plants (D:6)
7 creatures vanquished.

Grand Total: 186 creatures vanquished

Notes
Turn   | Place    | Note
-------+----------+-------------------------------------------
     0 | D:1      | ytrimaz the Demonspawn Berserker began the quest for the
                  | Orb.
     0 | D:1      | Reached XP level 1. HP: 18/18 MP: 1/1
   285 | D:1      | Gained mutation: You are partially covered in slimy green
                  | scales. (AC +2) [demonic ancestry]
   285 | D:1      | Reached XP level 2. HP: 20/24 MP: 2/2
   288 | D:1      | Reached skill level 3 in Axes
   596 | D:1      | Reached ** piety under Trog
   654 | D:1      | Reached XP level 3. HP: 29/29 MP: 3/3
  1460 | D:2      | Found a faded altar of an unknown god.
  1560 | D:2      | Noticed Robin
  1577 | D:2      | Killed Robin
  1578 | D:2      | Reached XP level 4. HP: 35/35 MP: 4/4
  2521 | D:3      | Found Enokher's Jewellery Emporium.
  2544 | D:3      | Found a hide-covered altar of Uskayaw.
  2632 | D:3      | You fall into a shaft and drop 2 floors!
  2632 | D:5      | Entered Level 5 of the Dungeon
  2718 | D:5      | Found a staircase to the Ecumenical Temple.
  2734 | Temple   | Entered the Ecumenical Temple
  2964 | D:5      | Reached XP level 5. HP: 40/41 MP: 5/5
  2975 | D:4      | Identified a scroll of acquirement
  2975 | D:4      | Acquired a manual of Axes
  2981 | D:4      | Found a sacrificial altar of Ru.
  3022 | D:4      | Reached *** piety under Trog
  3042 | D:4      | Found a sand-covered staircase.
  3076 | Ossuary  | Entered an ossuary
  3210 | Ossuary  | Reached skill level 4 in Axes
  3221 | Ossuary  | Reached skill level 5 in Axes
  3231 | Ossuary  | Gained mutation: You regenerate magic rapidly. [demonic
                  | ancestry]
  3231 | Ossuary  | Reached XP level 6. HP: 48/48 MP: 6/6
  3460 | D:4      | Reached **** piety under Trog
  4507 | D:4      | Reached skill level 6 in Axes
  4971 | D:5      | Gained mutation: You have a pair of small antennae on your
                  | head. [demonic ancestry]
  4971 | D:5      | Reached XP level 7. HP: 53/54 MP: 7/7
  4979 | D:5      | Found Ucuymp's Magic Scroll Shoppe.
  5021 | D:5      | Bought a scroll of identify for 28 gold pieces
  5021 | D:5      | Bought a scroll of identify for 28 gold pieces
  5098 | D:5      | Reached skill level 7 in Axes
  5678 | D:5      | Reached skill level 5 in Armour
  6278 | D:6      | Gained mutation: When hurt, damage is shared between your
                  | health and your magic reserves. [demonic ancestry]
  6278 | D:6      | Reached XP level 8. HP: 23/61 MP: 8/8
  6331 | D:6      | Found a shadowy altar of Dithmenos.
  6368 | D:6      | Reached skill level 8 in Axes
  6368 | D:6      | Reached skill level 1 in Shields
  6474 | D:6      | Reached skill level 5 in Fighting
  6696 | D:6      | Reached skill level 9 in Axes
  6884 | D:6      | Reached XP level 9. HP: 64/68 MP: 5/9
  6934 | D:6      | Found a transporter.
  6937 | D:6      | Found a transporter.
  7109 | D:6      | Identified the +6 spear "Gyufyej" {venom, *Slow rElec SInv}
  7109 | D:6      | Identified the +0 buckler of Fanaticism {rF+ Str+2}
  7133 | D:6      | Noticed jejorda2's ghost (novice DsFi)
  7481 | D:6      | Killed from afar by a gnoll

Illustrated notes

Levels and vault maps discovered:
D:1:      dpeg_arrival_pits, layout_basic, minmay_tall_x
D:2:      layout_loops_cross, shapermc_ecumenical_altar_mp_highgroup, uniq_robin
D:3:      layout_basic, nicolae_uskayaw_dance_hall, serial_shops, shop
D:4:      minmay_diamond_boxcup, layout_cave_pools,
          nicolae_overflow_hidden_temple, enter_ossuary_4
D:5:      layout_loops_corners, minmay_temple_entry_stoned_glass, serial_shops,
          shop
D:6:      layout_basic, mainiacjoe_overflow_cross_hatched,
          gammafunk_ghost_gnarly_gnolls
D:7:      minmay_spotlight, layout_basic,
          nicolae_hepliaklqana_monster_ancestors, minmay_crossroads
Temple:   nicolae_temple_hex_pool

Skill      XL: |  1  2  3  4  5  6  7  8  9 |
---------------+----------------------------+-----
Axes           | 3 5 6 7 9 |  9.6
Armour         | 2 3 4 5 6 7 |  7.0
Dodging        | 2 |  2.7
Fighting       | 4 5 |  5.5
Shields        | 2 |  2.5

Action                   |  1- 3 |  4- 6 |  7- 9 || total
-------------------------+-------+-------+-------++-------
Melee: Hand axe          |    95 |   236 |   266 ||   597
Invok: Berserk           |     1 |     2 |     3 ||     6
       Trog's Hand       |     1 |     1 |     3 ||     5
  Use: Scroll            |     5 |     6 |     3 ||    14
       Potion            |       |       |     4 ||     4
Armor: Plate armour      |   106 |   198 |   176 ||   480
Dodge: Dodged            |    28 |    89 |    89 ||   206

Table legend: (Time is in decaauts)
 A = Elapsed time spent in this place.
 B = Non-inter-level travel time spent in this place.
 C = Inter-level travel time spent in this place.
 D = Time resting spent in this place.
 E = Time spent auto-exploring this place.
 F = Levels seen in this place.
 G = Mean time per level.
                   A        B        C        D        E       F      G
               +--------+--------+--------+--------+--------+-----+--------+
         Total |   7529 |   7226 |    303 |    692 |   5068 |   9 |  836.6 |
       Dungeon |   7181 |   6897 |    284 |    692 |   4902 |   7 | 1025.9 |
        Temple |     91 |     72 |     19 |      0 |     61 |   1 |   91.0 |
       Ossuary |    256 |    256 |      0 |      0 |    105 |   1 |  256.0 |
               +--------+--------+--------+--------+--------+-----+--------+

Top non-repeatable levels by time:
     D:5: 1750 daAuts
     D:3: 1499 daAuts
     D:6: 1216 daAuts
     D:2: 1034 daAuts
     D:1: 995 daAuts
     D:4: 682 daAuts
 Ossuary: 256 daAuts
  Temple: 91 daAuts
     D:7: 1 daAuts
